 Dungeon Crawl Stone Soup version 0.31-a0-986-g5e6e4ef867 (webtiles) character file.

Game seed: 931179967833333466

33 horus123 the Trooper (level 3, 0/36 HPs)
             Began as a Hill Orc Fighter on Nov 16, 2023.
             Slain by a goblin
             ... wielding a +0 club
             ... led by Robin
              (5 damage)
             ... on level 1 of the Dungeon.
             The game lasted 00:01:40 (912 turns).

horus123 the Trooper (Hill Orc Fighter)              Turns: 912, Time: 00:01:41

Health: 0/36       AC:  6    Str: 20    XL:     3   Next: 29%
Magic:  3/3        EV:  9    Int:  8    God:
Gold:   28         SH:  4    Dex: 10    Spells: 2/2 levels left

rFire   . . .        a - +0 war axe
rCold   . . .        c - +0 buckler
rNeg    . . .        b - +0 scale mail
rPois   .            (no helmet)
rElec   .            (no cloak)
rCorr   .            (no gloves)
SInv    .            (no boots)
Will    .....        (no amulet) Stlth
                     (no ring)
HPRegen 0.26/turn    (no ring)
MPRegen 0.08/turn

%: no passive effects
@: no status effects
A: no striking features
a: no special abilities


You were on level 1 of the Dungeon.
You visited 1 branch of the dungeon, and saw 2 of its levels.

You collected 28 gold pieces.

Inventory:

Hand Weapons
 a - a +0 war axe (weapon)
Missiles
 i - 4 poisoned darts (quivered)
Armour
 b - a +0 scale mail (worn)
 c - a +0 buckler (worn)
Scrolls
 e - 2 scrolls of identify {unknown}
 h - a scroll of immolation {unknown}
 j - a scroll of butterflies {unknown}
Potions
 d - a potion of might
 f - 2 potions of ambrosia {unknown}
 g - a potion of lignification {unknown}


   Skills:
 + Level 5.2 Fighting
 - Level 2.6 Axes
 - Level 3.2 Armour
 - Level 3.2 Shields


You had 2 spell levels left.
You didn't know any spells.
Your spell library was empty.

Dungeon Overview and Level Annotations

Branches:
Dungeon (2/15)

Altars:

Annotations:
D:2 Robin


Message History

You are too injured to fight recklessly!
You are too injured to fight recklessly!
You are too injured to fight recklessly!
You hit the goblin.
The goblin is heavily wounded.
You barely miss the goblin. The goblin hits you but does no damage.
The goblin hits you with a +0 club.
You barely miss the goblin.
The goblin is heavily wounded.
You barely miss the goblin. You block the goblin's attack.
The goblin hits you but does no damage. The goblin hits you with a +0 dagger.
You block the goblin's attack.
Unknown command.
You hit the goblin.
The goblin is severely wounded.
You hit the goblin.
You kill the goblin!
You block the goblin's attack. The adder misses you.
You slash the goblin!
You kill the goblin!
You barely miss the adder. The adder closely misses you.
You block the adder's attack. The goblin barely misses you.
You hit the goblin.
The goblin is heavily wounded.
You barely miss the adder. The adder bites you.
* * * LOW HITPOINT WARNING * * *
The goblin hits you but does no damage. You block the adder's attack.
You miss the adder. You closely miss the goblin.
The adder bites you but does no damage. The goblin closely misses you.
You block the adder's attack.
You miss the adder. You closely miss the goblin.
The goblin hits you with a +0 club.
* * * LOW HITPOINT WARNING * * *
You block the adder's attack. The goblin barely misses you.
The adder barely misses you.
You slash the adder!
The adder is almost dead.
You closely miss the goblin. The adder bites you but does no damage.
The goblin hits you with a +0 club.
You die...

...## ##.# #####.# #.
###.#####.###########...#.#
#.
##.....###...........#..#
#. #..#..# #.######.##.##.#
#.
####.#.#.###..............#
#.
..............#####.##.##.#
#. ####.....###.##
#g........# #. #
###.......# ##S###...### #.
# #..####.###@#.###.## #.
######..# #.##g###.##.# #.
........# #.#.## ##...# #.
######.## #....###....# #.
# #.#
#.....#.###.#########. #.#
####.#.#..............
######.#
#.###.##.##########
.......#### #.# #†##.#
..........#####.###.##.#


You could see an adder and 2 goblins.

Vanquished Creatures
  A dart slug (D:1)
  2 ball pythons (D:1)
  2 bats (D:1)
  2 endoplasms (D:1)
  A giant cockroach (D:1)
  7 goblins
  3 hobgoblins (D:2)
  3 kobolds (D:1)
  2 quokkas (D:1)
  A frilled lizard (D:1)
  3 rats (D:1)
27 creatures vanquished.

Notes
Turn   | Place    | Note
-------+----------+-------------------------------------------
     0 | D:1      | horus123 the Hill Orc Fighter began the quest for the Orb.
     0 | D:1      | Reached XP level 1. HP: 19/19 MP: 1/1
   134 | D:1      | Reached skill level 4 in Fighting
   202 | D:1      | Reached XP level 2. HP: 25/27 MP: 2/2
   892 | D:2      | Reached skill level 5 in Fighting
   892 | D:2      | Reached XP level 3. HP: 36/36 MP: 3/3
   898 | D:2      | Noticed Robin
   912 | D:1      | Slain by a goblin

Illustrated notes

Levels and vault maps discovered:
D:1:      psy_arrival_fountain, layout_loops_ring, hangedman_decor_push
D:2:      layout_rooms, basic_altar, serial_rivers,
          chequers_serial_rivers_small_3, chequers_serial_rivers_room_b,
          chequers_serial_rivers_large_b, chequers_serial_rivers_room_b,
          chequers_serial_rivers_marsh, chequers_serial_rivers_small_a,
          uniq_crazy_yiuf_cottage, uniq_robin

Skill      XL: |  1  2 |
---------------+-------+-----
Fighting       | 4 5 |  5.2
Axes           | |  2.6
Armour         | |  3.2
Shields        | |  3.2

Action                     || total
---------------------------++-------
  Melee: War axe           ||    59
  Throw: Dart              ||     8
 Armour: Scale mail        ||    58
  Dodge: Dodged            ||    45
  Block: Buckler           ||    26

Table legend: (Time is in decaauts)
 A = Elapsed time spent in this place.
 B = Non-inter-level travel time spent in this place.
 C = Inter-level travel time spent in this place.
 D = Time resting spent in this place.
 E = Time spent auto-exploring this place.
 F = Levels seen in this place.
 G = Mean time per level.
                   A        B        C        D        E       F      G
               +--------+--------+--------+--------+--------+-----+--------+
         Total |    937 |    842 |     95 |      0 |    683 |   2 |  468.5 |
       Dungeon |    937 |    842 |     95 |      0 |    683 |   2 |  468.5 |
               +--------+--------+--------+--------+--------+-----+--------+

Top non-repeatable levels by time:
     D:1: 916 daAuts
     D:2: 21 daAuts
